 Dungeon Crawl Stone Soup version 0.21.1-1-g345015f (webtiles) character file.

21 shakethe the Covered (level 2, 19/19 HPs)
             Began as a Gargoyle Fighter on Feb 10, 2018.
             Quit the game on level 1 of the Dungeon.
             The game lasted 00:06:50 (333 turns).

shakethe the Covered (Gargoyle Fighter)              Turns: 333, Time: 00:06:51

Health: 19/19      AC: 10    Str: 19    XL:     2   Next: 83%
Magic:  2/2        EV:  7    Int:  8    God:
Gold:   10         SH:  9    Dex:  9    Spells: 1/1 levels left

rFire    . . .     SeeInvis .   a - +0 flail
rCold    . . .     Gourm    .   c - +0 shield
rNeg     + . .     Faith    .   b - +0 scale mail
rPois    ∞         Spirit   .   (no helmet)
rElec    +         Reflect  .   (no cloak)
rCorr    .         Harm     .   (no gloves)
MR       .....                  (no boots)
Stlth    ..........             (no amulet)
HPRegen  0.06/turn              (no ring)
MPRegen  0.08/turn              (no ring)

@: no status effects
A: negative energy resistance 1, electricity resistance, unbreathing,
petrification resistance, rot immunity, AC +2
a: no special abilities


You were on level 1 of the Dungeon.
You were not hungry.

You visited 1 branch of the dungeon, and saw 1 of its levels.

You collected 10 gold pieces.

Inventory:

Hand Weapons
 a - a +0 flail (weapon)
Armour
 b - a +0 scale mail (worn)
 c - a +0 shield (worn)
Scrolls
 e - a scroll of amnesia {unknown}
 g - 2 scrolls of identify {unknown}
 h - a scroll of remove curse {unknown}
Potions
 d - a potion of might
Comestibles
 f - a ration


   Skills:
 - Level 3.2 Fighting
 - Level 2.0 Maces & Flails
 + Level 4.4 Armour
 - Level 3.2 Shields


You had one spell level left.
You didn't know any spells.

Dungeon Overview and Level Annotations

Branches:
Dungeon (1/15)

Altars:


Innate Abilities, Weirdness & Mutations

You are resistant to torment.
Your stone body is resilient. (AC +2)
You are immune to poison.
You resist negative energy. (rN+)
You are resistant to electric shocks. (rElec)
You can survive without breathing.
You are immune to petrification.
You are immune to rotting.


Message History

You open the door.
There is an open door here.
A goblin comes into view.
A bat comes into view.
You hit the goblin. The goblin hits you but does no damage.
The goblin barely misses you.
You closely miss the goblin. You block the goblin's attack.
You barely miss the goblin. The goblin hits you but does no damage.
The goblin barely misses you.
You completely miss the goblin. The goblin closely misses you.
You hit the goblin.
You kill the goblin!
The bat hits you but does no damage. The bat barely misses you.
The bat hits you but does no damage.
You closely miss the bat. The bat hits you but does no damage.
You block the bat's attack. The bat hits you but does no damage.
You sock the bat!
You kill the bat!
No target in view!
No target in view!
No target in view!
No target in view!
No target in view!
No target in view!
You see here a goblin corpse.
Found an escape hatch in the floor.
No target in view!
No target in view!
No target in view!
No target in view!
No target in view!
No target in view!
No target in view!
No target in view!
No target in view!
No target in view!
No target in view!
No target in view!
There is an escape hatch in the floor here.
There is an escape hatch in the floor here.
There is a stone staircase leading down here.
You see here 22 bolts.
You see here 25 arrows.
A dart slug comes into view.
A bat comes into view.
The bat barely misses you.
You barely miss the bat. You block the bat's attack.
The bat hits you but does no damage. The dart slug launches a dart at you.
The slug dart hits you!
You hit the bat.
You kill the bat!
Your shield and scale mail prevent you from hitting the dart slug.
The dart slug bites you but does no damage.
You hit the dart slug. You block the dart slug's attack.
You sock the dart slug!
You kill the dart slug!
No target in view!
No target in view!
No target in view!
No target in view!
No target in view!
No target in view!
No target in view!
No target in view!
No target in view!
No target in view!
You see here a dart slug corpse.
A rat comes into view.
A bat and a goblin come into view.
The goblin shouts!
You block the bat's attack. x2
You hit the bat.
You kill the bat!
You block the rat's attack.
A rat comes into view.
You sock the rat!
You kill the rat!
The goblin hits you but does no damage.
You hit the goblin.
You kill the goblin!
No target in view!
No target in view!
No target in view!
No target in view!
No target in view!
No target in view!
No target in view!
No target in view!
No target in view!
No target in view!
No target in view!
No target in view!
Things that are here:
a club; a scroll labeled GULEGA ECHEHAU
Enter note: q
Enter note: Q A bat comes into view.
Saving game... please wait.
Welcome back, shakethe the Gargoyle Fighter.

.P.# .###..
#.P..≈.♣≈≈...P.## #... #
..P.♣≈≈≈ P.P..#. #..#
#...≈≈≈≈≈b♣..P.##.###..#
#.P .≈≈♣≈♣.PP..##..#...#
#...♣..≈≈..P..####.#.#.#
#.....♣P.....#..........
###...r........###..####
.......@......(####†#
....................#
###.#######..###.#..# ..
#..#.#....# #
#.....#...# #...##.#..#
#..#..#...# #.........#
#.#######.#


You could see a bat and a rat.

Vanquished Creatures
  A dart slug (D:1)
  A giant cockroach (D:1)
  6 goblins (D:1)
  5 bats (D:1)
  A frilled lizard (D:1)
  A kobold (D:1)
  2 rats (D:1)
17 creatures vanquished.

Notes
Turn   | Place    | Note
-------+----------+-------------------------------------------
     0 | D:1      | shakethe the Gargoyle Fighter began the quest for the Orb.
     0 | D:1      | Reached XP level 1. HP: 14/14 MP: 1/1
   152 | D:1      | Reached XP level 2. HP: 19/19 MP: 2/2
   181 | D:1      | Reached skill level 4 in Armour
   332 | D:1      | q
   332 | D:1      | Q
   333 | D:1      | Quit the game

Skill      XL: |  1  2 |
---------------+-------+-----
Armour         | 4 |  4.4
Fighting       | |  3.2
Maces & Flails | |  2.0
Shields        | |  3.2

Action                   || total
-------------------------++-------
Melee: Flail             ||    58
Armor: Scale mail        ||    34
Dodge: Dodged            ||    21
Block: Shield            ||    36

Vault maps used:
D:1:      dpeg_arrival_central, serial_bayou_pond_a, kennysheep_minor_cross,
          corexii_leaking_fountain, minmay_misc_feat_square

Table legend:
 A = Turns spent in this place as a percentage of turns spent in the entire game.
 B = Non-inter-level travel turns spent in this place as a percentage of non-inter-level travel turns spent in the entire game.
 C = Inter-level travel turns spent in this place as a percentage of turns spent in this place.
 D = Turns resting spent in this place as a percentage of non-inter-level travel turns spent in this place.
 E = Turns spent auto-exploring this place as a percentage of non-inter-level travel turns spent in this place.
 F = Non-inter-level travel turns spent in this place divided by the number of levels of this place that you've seen.
                   A       B       C       D       E      F
               +-------+-------+-------+-------+-------+----------------------
         Total | 100.0 | 100.0 |   0.0 |   0.0 |  67.0 | 333.0
       Dungeon | 100.0 | 100.0 |   0.0 |   0.0 |  67.0 | 333.0
               +-------+-------+-------+-------+-------+----------------------

Table legend:
 A = Kills in this place as a percentage of kills in entire the game.
 B = Kills by you in this place as a percentage of kills by you in the entire game.
 C = Kills by friends in this place as a percentage of kills by friends in the entire game.
 D = Other kills in this place as a percentage of other kills in the entire game.
 E = Experience gained in this place as a percentage of experience gained in the entire game.
 F = Experience gained in this place divided by the number of levels of this place that you have seen.
                   A       B       C       D       E      F
               +-------+-------+-------+-------+-------+----------------------
         Total | 100.0 | 100.0 |   N/A |   N/A | 100.0 |  30.0
       Dungeon | 100.0 | 100.0 |   N/A |   N/A | 100.0 |  30.0
               +-------+-------+-------+-------+-------+----------------------
